 Dungeon Crawl Stone Soup version 0.25-a0-290-g4a1327ee3a (webtiles) character file.

Game seed: 15220716915488974960, levelgen mode: deterministic

249 floatRand the Shield-Bearer (level 6, -5/70 HPs)
             Began as a Formicid Fighter on Dec 13, 2019.
             Slain by a gnoll
             ... wielding a +0 halberd
              (6 damage)
             ... on level 3 of the Dungeon.
             The game lasted 00:03:46 (2865 turns).

floatRand the Shield-Bearer (Formicid Fighter)      Turns: 2865, Time: 00:03:47

Health: -5/70      AC: 23    Str: 22    XL:     6   Next: 35%
Magic:  6/6        EV:  2    Int: 13    God:
Gold:   162        SH: 10    Dex: 12    Spells: 5/5 levels left

rFire    . . .     SeeInvis .   a - +0 long sword
rCold    . . .     Gourm    .   c - +0 shield
rNeg     + + +     Faith    .   (armour currently unavailable)
rPois    +         Spirit   .   (helmet unavailable)
rElec    .         Reflect  .   (cloak currently unavailable)
rCorr    .         Harm     .   (gloves currently unavailable)
MR       .....                  (boots currently unavailable)
Stlth    ++........             (no amulet)
HPRegen  0.21/turn              (no ring)
MPRegen  0.10/turn              (no ring)

@: brilliant, tree-form, drained
A: permanent stasis, dig shafts and tunnels, four strong arms, mutation
resistance 1, strong 1
a: no special abilities


You were on level 3 of the Dungeon.
You were not hungry.
You were a tree.
You visited 1 branch of the dungeon, and saw 3 of its levels.

You collected 162 gold pieces.

Inventory:

Hand Weapons
 a - a +0 long sword (weapon)
Missiles
 i - 5 javelins (quivered)
Armour
 b - a +0 scale mail (melded)
 c - a +0 shield (worn)
 h - a +0 cloak (melded)
Wands
 v - a wand of random effects (9)
Scrolls
 e - 4 scrolls of enchant weapon {unknown}
 g - 6 scrolls of identify {unknown}
 m - a scroll of blinking {unknown}
 n - 5 scrolls of remove curse {unknown}
 p - a scroll of teleportation {unknown}
 r - 2 scrolls of amnesia {unknown}
 t - a scroll of immolation {unknown}
 u - a scroll of fog {unknown}
Potions
 j - a potion of agility
 k - a potion of flight
 l - a potion of curing
 q - a potion of brilliance
Comestibles
 d - a chunk of flesh
 f - 4 rations


   Skills:
 - Level 3.2(2.5) Fighting
 + Level 3.5(2.7) Long Blades
 - Level 3.2(2.5) Armour
 + Level 2.4(1.7) Dodging
 + Level 3.5(2.7) Stealth
 + Level 5.0(4.3) Shields


You had 5 spell levels left.
You didn't know any spells.
Your spell library was empty.

Dungeon Overview and Level Annotations

Branches:
Dungeon (3/15)

Altars:
Vehumet


Innate Abilities, Weirdness & Mutations

You cannot be hasted, slowed, berserked, paralysed or teleported.
You can dig through walls and to a lower floor.
Your four strong arms can wield two-handed weapons with a shield.
((You have a pair of large antennae on your head. (SInv)))
You are somewhat resistant to further mutation.
Your muscles are strong. (Str +2)
((Your movements are slightly less encumbered by armour. (ER -2)))


Message History

You feel a little less agile now. You block the gnoll's attack.
You closely miss the frilled lizard. You block the frilled lizard's attack.
You block the gnoll's attack.
You closely miss the frilled lizard. The frilled lizard bites you.
* * * LOW HITPOINT WARNING * * *
You block the gnoll's attack.
The frilled lizard bites you but does no damage.
You miss the frilled lizard. The gnoll hits you but does no damage.
The frilled lizard bites you but does no damage.
Your shield prevents you from hitting the frilled lizard.
You block the gnoll's attack.
The frilled lizard bites you but does no damage.
You miss the frilled lizard.
The gnoll hits you from afar with a +0 halberd.
* * * LOW HITPOINT WARNING * * *
The frilled lizard barely misses you.
You riposte.
You hit the frilled lizard.
You kill the frilled lizard!
The gnoll hits you from afar with a +0 halberd.
You die...

..{... ..{>.. .......
...{.. ....... ......
....... ..... .....
####..#### #####.....
.......g.####.......#
.......†......####..#.#
......)..#....g)♣†....#
(...........######...#.#
.........#..# .#...#
#####.#...†)# .# ..#
#.##....#####..# .#
###.###..........# .#
#.................. .
#.....####.>.....#. #
#....## #.......#... #


You could see a gnoll.

Vanquished Creatures
  An orc wizard (D:3)
  Terence (D:2)
  Ijyb (D:3)
  2 gnolls (D:3)
  8 adders
  A worm (D:2)
  3 dart slugs (D:2)
  A leopard gecko (D:2)
  5 orcs (D:3)
  A giant cockroach (D:2)
  4 goblins
  9 hobgoblins
  11 kobolds
  2 quokkas
  2 ball pythons
  10 bats
  7 frilled lizards
  3 rats
72 creatures vanquished.

Notes
Turn   | Place    | Note
-------+----------+-------------------------------------------
     0 | D:1      | floatRand the Formicid Fighter began the quest for the Orb.
     0 | D:1      | Reached XP level 1. HP: 18/18 MP: 1/1
   267 | D:1      | Reached XP level 2. HP: 24/24 MP: 2/2
   369 | D:1      | Reached skill level 1 in Stealth
   632 | D:2      | Reached skill level 1 in Dodging
   632 | D:2      | Reached skill level 4 in Shields
   632 | D:2      | Reached XP level 3. HP: 27/29 MP: 3/3
  1152 | D:2      | Noticed Terence
  1171 | D:2      | Killed Terence
  1171 | D:2      | Reached XP level 4. HP: 22/35 MP: 4/4
  1935 | D:3      | Reached XP level 5. HP: 39/41 MP: 5/5
  2309 | D:3      | Found a radiant altar of Vehumet.
  2668 | D:3      | Reached XP level 6. HP: 41/47 MP: 6/6
  2739 | D:3      | Noticed Ijyb
  2764 | D:3      | Killed Ijyb
  2764 | D:3      | Reached skill level 5 in Shields
  2842 | D:3      | Gained mutation: Your movements are slightly less
                  | encumbered by armour. (ER -2) [potion of mutation]
  2842 | D:3      | Gained mutation: Your muscles are strong. (Str +2) [potion
                  | of mutation]
  2842 | D:3      | Gained mutation: You are somewhat resistant to further
                  | mutation. [potion of mutation]
  2856 | D:3      | HP: 1/70 [gnoll/+0 halberd (8)]
  2862 | D:3      | HP: 2/70 [frilled lizard (1)]
  2865 | D:3      | Slain by a gnoll

Levels and vault maps discovered:
D:1:      giann_wishing_wells, layout_rooms
D:2:      layout_basic, first_ration, interstate_on_off, uniq_terence
D:3:      layout_rooms, vehumet_crystals, serial_park_tiny_1, uniq_ijyb

Skill      XL: |  1  2  3  4  5  6 |
---------------+-------------------+-----
Stealth        | 1 2 3 |  3.5
Dodging        | 1 2 |  2.4
Shields        | 4 5 |  5.0
Long Blades    | 3 |  3.5
Fighting       | |  3.2
Armour         | |  3.2

Action                   |  1- 3 |  4- 6 || total
-------------------------+-------+-------++-------
Melee: Long sword        |   126 |   168 ||   294
Evoke: Wand              |       |     1 ||     1
  Use: Potion            |       |     8 ||     8
  Eat: Chunk             |     1 |     6 ||     7
Armor: Scale mail        |    68 |    90 ||   158
       Skin              |       |    26 ||    26
Dodge: Dodged            |    54 |    84 ||   138
Block: Shield            |    80 |   142 ||   222
       Rpst.: Long sword |    17 |    23 ||    40

Table legend:
 A = Non-vault XP
 B = Vault XP
 C = Vault XP percentage of total XP
 D = Non-vault monster count
 E = Vault monster count
 F = Vault count percentage of total count
                 A         B        C        D         E       F
            +---------+---------+-------+---------+---------+-------
      Total |     283 |      74 |  20.7 |      70 |       2 |   2.8
            +---------+---------+-------+---------+---------+-------
        D:1 |      22 |       0 |   0.0 |      15 |       0 |   0.0
        D:2 |      78 |      38 |  32.8 |      25 |       1 |   3.8
        D:3 |     183 |      36 |  16.4 |      30 |       1 |   3.2
            +---------+---------+-------+---------+---------+-------
